 Dungeon Crawl Stone Soup version 0.29.1-1-gd02db6906a (webtiles) character file.

Game seed: 2392342152675491194

185 holycorn the Trooper (level 5, -1/50 HPs)
             Began as a Minotaur Berserker on Sept 21, 2022.
             Was a Follower of Trog.
             Slain by Grinder (3 damage)
             ... on level 3 of the Dungeon.
             The game lasted 00:03:07 (1480 turns).

holycorn the Trooper (Minotaur Berserker)           Turns: 1480, Time: 00:03:07

Health: -1/50      AC:  3    Str: 24    XL:     5   Next: 37%
Magic:  4/4        EV: 12    Int:  4    God:    Trog [*.....]
Gold:   73         SH:  0    Dex:  9    Spells: 4/4 levels left

rFire   . . .      SeeInvis .   a - +0 hand axe
rCold   + . .      Faith    .   (no shield)
rNeg    . . .      Spirit   .   b - +0 animal skin
rPois   +          Reflect  .   (helmet restricted)
rElec   .          Harm     .   (no cloak)
rCorr   .          Rampage  .   e - +0 pair of gloves
Will    .....                   (no boots)
Stlth   +.........              (no amulet)
HPRegen 0.16/turn               k - ring of protection from cold
MPRegen 0.09/turn               n - ring of poison resistance

@: on berserk cooldown, slowed, very slow
A: horns 2, retaliatory headbutt
a: Renounce Religion, Berserk


You were on level 3 of the Dungeon.
You worshipped Trog.
Trog was aware of your devotion.
You visited 1 branch of the dungeon, and saw 4 of its levels.

You collected 73 gold pieces.

Inventory:

Hand Weapons
 a - a +0 hand axe (weapon)
Armour
 b - a +0 animal skin (worn)
 e - a +0 pair of gloves (worn)
Jewellery
 k - a ring of protection from cold (left hand)
 n - a ring of poison resistance (right hand)
Scrolls
 c - 2 scrolls of teleportation {unknown}
 f - a scroll of vulnerability {unknown}
 h - a scroll of enchant armour {unknown}
 i - a scroll of identify {unknown}
 m - a scroll of fear {unknown}
Potions
 d - a potion of curing {unknown}
 g - a potion of ambrosia {unknown}
 j - a potion of magic {unknown}
 l - a potion of cancellation {unknown}


   Skills:
 * Level 5.7 Fighting
 + Level 5.5 Axes
 + Level 2.9 Armour
 - Level 2.3 Dodging


You had 4 spell levels left.
You didn't know any spells.
Your spell library was empty.

Dungeon Overview and Level Annotations

Branches:
Dungeon (4/15)
 Temple: D:4-7

Altars:

Annotations:
D:3 Grinder


Innate Abilities, Weirdness & Mutations

You have a pair of horns on your head.
You reflexively headbutt those who attack you in melee.


Message History

You barely miss the quokka. You slash the orc!
You kill the orc!
Trog accepts your kill. The quokka closely misses you.
You closely miss the quokka.
The quokka bites you but does no damage.
Grinder blinks!
You slash the quokka!
You kill the quokka!
Trog accepts your kill.
You are too injured to fight recklessly!
You are too injured to fight recklessly!
You feel a strong urge to attack something.
You feel your anger nearly subside.
You are no longer berserk.
You are exhausted.
You feel yourself slow down.
You completely miss Grinder.
Grinder is almost dead.
Grinder gestures at you. You resist with significant effort.
Grinder gestures at you. Pain shoots through your body!
* * * LOW HITPOINT WARNING * * *
You barely miss Grinder. Your headbutt misses Grinder.
Grinder is almost dead.
Grinder hits you.
* * * LOW HITPOINT WARNING * * *
You writhe in agony.
* * * LOW HITPOINT WARNING * * *
You barely miss Grinder. Your headbutt misses Grinder.
Grinder is almost dead.
Grinder says, "I used to sell toenails on the black market."
Grinder gestures at you. Pain shoots through your body!
* * * LOW HITPOINT WARNING * * *
Grinder blinks!
You barely miss Grinder.
Grinder is severely wounded.
Grinder hits you.
You die...

.#....##....# ......
......#...#.# ......
....#...#...####......
......................
#..................... #
........?.........## .
#....)†..........# .#
##...............###.#
#........@..........###
...........5......#.....#
#.##.<...................
. ##.....#..>....#.#....
#......#####....#...#
##.....# ##.......#
#.....# #..##...# #.....
##.# ..# .. .#


You could see Grinder.

Vanquished Creatures
  A black bear (D:4)
  A scorpion (D:4)
  An orc (D:3)
  3 ball pythons
  A giant cockroach (D:1)
  A goblin (D:1)
  3 hobgoblins (D:1)
  4 jackals (D:1)
  4 kobolds
  4 quokkas
  2 bats (D:1)
  A frilled lizard (D:1)
  3 rats
29 creatures vanquished.

Notes
Turn   | Place    | Note
-------+----------+-------------------------------------------
     0 | D:1      | holycorn the Minotaur Berserker began the quest for the
                  | Orb.
     0 | D:1      | Reached XP level 1. HP: 19/19 MP: 0/0
   313 | D:1      | Reached XP level 2. HP: 14/27 MP: 1/1
  1047 | D:2      | You fall into a shaft and drop 2 floors!
  1048 | D:4      | Noticed a black bear
  1055 | D:4      | Killed a black bear
  1056 | D:4      | Reached skill level 5 in Fighting
  1056 | D:4      | Reached skill level 5 in Axes
  1056 | D:4      | Reached XP level 3. HP: 14/36 MP: 2/2
  1056 | D:4      | Reached XP level 4. HP: 17/42 MP: 3/3
  1292 | D:4      | Noticed a scorpion
  1321 | D:4      | Killed a scorpion
  1322 | D:4      | Reached XP level 5. HP: 32/50 MP: 4/4
  1438 | D:3      | Reached ** piety under Trog
  1458 | D:3      | Noticed Grinder
  1478 | D:3      | HP: 2/50 [Grinder/nerve-wracking pain (4)]
  1480 | D:3      | Slain by Grinder

Illustrated notes

Levels and vault maps discovered:
D:1:      shiori_shiawase, layout_basic, nrook_mini_vaults,
          dreamdust_princess_bridge, minmay_misc_feat_roman
D:2:      mumra_celtic_spiral_tile, layout_loops_ring,
          shapermc_ecumenical_altar_pompeii, basic_altar
D:3:      layout_rooms, hangedman_decor_slide_cut,
          chequers_serial_rivers_room_b, st_stairs_14, uniq_grinder
D:4:      layout_loops_corners, tso_altar, gammafunk_temple_overflow_wave

Skill      XL: |  1  2 |
---------------+-------+-----
Axes           | 4 5 |  5.5
Fighting       | 5 |  5.7
Armour         | |  2.9
Dodging        | |  2.3

Action                   |  1- 3 |  4- 6 || total
-------------------------+-------+-------++-------
Melee: Hand axe          |    46 |    24 ||    70
       Headbutt          |     4 |     4 ||     8
Invok: Berserk           |     1 |     1 ||     2
Armor: Animal skin       |    11 |     3 ||    14
Dodge: Dodged            |    35 |     8 ||    43
